 Dungeon Crawl Stone Soup version 0.32-a0-120-gfac0567ad4 (webtiles) character file.

Game seed: 2061224819406204941

14 Bravepunisher the Ducker (level 2, -1/16 HPs)
             Began as a Spriggan Monk on Feb 6, 2024.
             Slain by an ufetubus (2 damage)
             ... on level 4 of the Dungeon.
             The game lasted 00:02:41 (713 turns).

Bravepunisher the Ducker (Spriggan Monk)             Turns: 713, Time: 00:03:00

Health: -1/16      AC:  2    Str:  7    XL:     2   Next: 31%
Magic:  3/3        EV: 19    Int: 11    God:
Gold:   64         SH:  0    Dex: 17    Spells: 1/1 levels left

rFire   . . .        a - +0 short sword
rCold   . . .        (no shield)
rNeg    . . .        b - +0 robe
rPois   .            (helmet restricted)
rElec   .            (no cloak)
rCorr   .            (gloves unavailable)
SInv    +            (boots unavailable)
Will    .....        (no amulet)
Stlth   ++           (no ring)
HPRegen 0.22/turn    (no ring)
MPRegen 0.08/turn

%: no passive effects
@: very quick
A: very small, no large weapons, unfitting armour, see invisible, speed 3
a: no special abilities


You were on level 4 of the Dungeon.
You visited 1 branch of the dungeon, and saw 5 of its levels.

You collected 64 gold pieces.

Inventory:

Hand Weapons
 a - a +0 short sword (weapon)
Armour
 b - a +0 robe (worn)
Scrolls
 d - a scroll of identify {unknown}
 g - a scroll of noise {unknown}
Potions
 c - a potion of ambrosia
 e - a potion of resistance {unknown}
 f - a potion of brilliance {unknown}
 h - a potion of attraction {unknown}
 i - a potion of magic {unknown}


   Skills:
 + Level 2.6 Fighting
 - Level 3.2 Short Blades
 * Level 4.7 Dodging


You had one spell level left.
You didn't know any spells.
Your spell library contained the following spells:

 Spells                   Type           Power      Damage    Failure   Level
 Slow                     Hex            0%         N/A       34%         1
 Confusing Touch          Hex            0%         N/A       71%         3
 Sigil of Binding         Hex            0%         N/A       71%         3
 Vampiric Draining        Necr           0%         2d6       71%         3


Dungeon Overview and Level Annotations

Branches:
Dungeon (5/15)
 Temple: D:4-7

Altars:


Innate Abilities, Weirdness & Mutations

You are very small and have problems with some larger weapons.
You are too small for most types of armour.
You have supernaturally acute eyesight. (SInv)
You cover ground extremely quickly. (Speed+++)


Message History

Found a scroll labelled QOGIHAREOR.
The ufetubus shouts!
You barely miss the ufetubus. The ufetubus closely misses you.
The ufetubus hits you. The ufetubus completely misses you.
The ufetubus misses you.
You hit the ufetubus.
The ufetubus is heavily wounded.
The ufetubus slips past you! The ufetubus misses you. x2
You hit the ufetubus.
The ufetubus is heavily wounded.
The ufetubus misses you. The ufetubus hits you. The ufetubus misses you. x2
You miss the ufetubus.
The ufetubus is moderately wounded.
The ufetubus misses you. The ufetubus hits you.
The ufetubus completely misses you. x2
You barely miss the ufetubus.
You punch the ufetubus, but do no damage.
The ufetubus is heavily wounded.
The ufetubus misses you. The ufetubus closely misses you.
The ufetubus hits you. The ufetubus closely misses you.
The ufetubus hits you but does no damage.
The ufetubus misses you. The ufetubus barely misses you. The ufetubus hits you.
You hit the ufetubus.
The ufetubus is severely wounded.
The ufetubus closely misses you. x2
The ufetubus hits you but does no damage.
The ufetubus completely misses you.
You closely miss the ufetubus. You punch the ufetubus.
The ufetubus is almost dead.
The ufetubus misses you.
The ufetubus hits you but does no damage.
The ufetubus barely misses you. The ufetubus hits you.
You barely miss the ufetubus.
The ufetubus is almost dead.
The ufetubus hits you.
* * * LOW HITPOINT WARNING * * *
The ufetubus hits you.
* * * LOW HITPOINT WARNING * * *
The ufetubus hits you.
You die...

#......## ..##....###
. .##..##...## ##.
..##.......# ###..
#..........# ?..#
..........$. #..#
#.........#. ..#
..........# #5#
#....###### #@# ###
..##....# #5# ..#
.##..##.# #.# #.#
....##..########.#
#.#
###............#.#
#.# #####.######.#.#
#.# #.# #.#.# #.# #.#
#.#.######.###
#.######.#..........#


You could see 2 ufetubi.

Vanquished Creatures
  A dart slug (D:1)
  4 ball pythons (D:1)
  2 endoplasms
  A giant cockroach (D:2)
  A goblin (D:1)
  A kobold (D:1)
  A rat (D:2)
11 creatures vanquished.

Notes
Turn   | Place    | Note
-------+----------+-------------------------------------------
     0 | D:1      | Bravepunisher the Spriggan Monk began the quest for the
                  | Orb.
     0 | D:1      | Reached XP level 1. HP: 11/11 MP: 2/2
    52 | D:1      | Found a faded altar of an unknown god.
   172 | D:1      | Reached XP level 2. HP: 16/16 MP: 3/3
   472 | D:5      | Entered Level 5 of the Dungeon
   713 | D:4      | Slain by an ufetubus

Illustrated notes

Levels and vault maps discovered:
D:1:      orjb1_lava_funnel, layout_basic, nicolae_ecumenical_snake_handling
D:2:      layout_loops_ring, nicolae_grassy_gnolls
D:3:      cheibrodos_helix_gallery, layout_basic,
          nicolae_qazlal_general_emergency, ebering_ghost_disaster_area,
          kennysheep_generic_room_11, uniq_jessica
D:4:      layout_basic, serial_shops, shop, nicolae_zig_zag_zippers
D:5:      layout_basic, nicolae_ashenzari_skybound,
          nicolae_overflow_crystal_walls, minmay_temple_entry_slanted,
          serial_shops, nicolae_shop_rolling_square

Action                     || total
---------------------------++-------
  Melee: Short sword       ||    49
         Punch             ||     3
   Stab: Sleeping          ||     2
 Armour: Robe              ||    24
  Dodge: Dodged            ||    51

Table legend: (Time is in decaauts)
 A = Elapsed time spent in this place.
 B = Non-inter-level travel time spent in this place.
 C = Inter-level travel time spent in this place.
 D = Time resting spent in this place.
 E = Time spent auto-exploring this place.
 F = Levels seen in this place.
 G = Mean time per level.
                   A        B        C        D        E       F      G
               +--------+--------+--------+--------+--------+-----+--------+
         Total |    489 |    489 |      0 |      0 |    250 |   5 |   97.8 |
       Dungeon |    489 |    489 |      0 |      0 |    250 |   5 |   97.8 |
               +--------+--------+--------+--------+--------+-----+--------+

Top non-repeatable levels by time:
     D:1: 201 daAuts
     D:4: 123 daAuts
     D:2: 113 daAuts
     D:5: 33 daAuts
     D:3: 17 daAuts
